[Event "FICS rated lightning game"]
[Site "FICS freechess.org"]
[FICSGamesDBGameNo "20001146"]
[White "Fugu"]
[Black "Peter"]
[WhiteElo "1911"]
[BlackElo "1841"]
[WhiteRD "na"]
[BlackRD "na"]
[TimeControl "60+0"]
[Date "1999.07.02"]
[Time "18:03:00"]
[WhiteClock "0:01:00.000"]
[BlackClock "0:01:00.000"]
[ECO "C20"]
[PlyCount "62"]
[Result "0-1"]

1. e4 e5 2. c3 Nc6 3. d4 exd4 4. cxd4 d5 5. e5 Bf5 6. Nf3 Bb4+ 7. Bd2 Bxd2+ 8. Qxd2 Nge7 9. g3 O-O 10. Bg2 Qd7 11. Nc3 Bh3 12. O-O Bxg2 13. Kxg2 f6 14. Rae1 fxe5 15. Nxe5 Nxe5 16. dxe5 Qe6 17. Kg1 Nc6 18. Qg5 Rf5 19. Qd2 Nxe5 20. f4 Nf3+ 21. Rxf3 Qb6+ 22. Kg2 d4 23. Ne2 Rd8 24. Ref1 Qc6 25. Rc1 Rc5 26. Rxc5 Qxc5 27. Rd3 Qd5+ 28. Kh3 c5 29. b4 Rd6 30. bxc5 Rh6+ 31. Kg4 Qh5# {White checkmated} 0-1

[Event "FICS rated blitz game"]
[Site "FICS freechess.org"]
[FICSGamesDBGameNo "20001145"]
[White "Noreaga"]
[Black "Skula"]
[WhiteElo "1757"]
[BlackElo "1587"]
[WhiteRD "na"]
[BlackRD "na"]
[TimeControl "180+0"]
[Date "1999.07.02"]
[Time "16:51:00"]
[WhiteClock "0:03:00.000"]
[BlackClock "0:03:00.000"]
[ECO "B32"]
[PlyCount "60"]
[Result "0-1"]

1. e4 c5 2. Nf3 Nc6 3. d4 cxd4 4. Nxd4 e5 5. Nb5 a6 6. N5a3 b5 7. c4 Nf6 8. Bg5 Be7 9. cxb5 Nd4 10. Nc4 axb5 11. Nxe5 Bb4+ 12. Nc3 Ne6 13. Ng4 Nxg5 14. Bxb5 Bxc3+ 15. bxc3 Qa5 16. Qb3 Nxg4 17. O-O Qc7 18. g3 Bb7 19. Bd3 O-O 20. Rab1 Bc6 21. Qc2 Nf3+ 22. Kg2 f5 23. Rh1 fxe4 24. Bxe4 Bxe4 25. Qxe4 Rae8 26. Qd5+ Kh8 27. Rb7 Qxc3 28. Qxd7 Nh4+ 29. gxh4 Qf3+ 30. Kf1 Qxf2# {White checkmated} 0-1

[Event "FICS rated blitz game"]
[Site "FICS freechess.org"]
[FICSGamesDBGameNo "20001144"]
[White "Bomale"]
[Black "Rainer"]
[WhiteElo "1294"]
[BlackElo "1353"]
[WhiteRD "na"]
[BlackRD "na"]
[TimeControl "300+0"]
[Date "1999.07.02"]
[Time "16:41:00"]
[WhiteClock "0:05:00.000"]
[BlackClock "0:05:00.000"]
[ECO "C47"]
[PlyCount "90"]
[Result "0-1"]

1. e4 e5 2. Nf3 Nc6 3. Bc4 Nf6 4. Nc3 Be7 5. d3 d6 6. Bg5 Kf8 7. Nd5 a6 8. Nxf6 Bxf6 9. Be3 Ke7 10. O-O Re8 11. a3 Kf8 12. Bd5 Ne7 13. Ba2 Be6 14. Bxe6 fxe6 15. Ng5 Bxg5 16. Bxg5 h6 17. Qf3+ Kg8 18. Bd2 Rf8 19. Qe2 d5 20. exd5 exd5 21. Qxe5 Nc6 22. Qg3 Kh8 23. Rae1 Qd7 24. f4 Rae8 25. Rxe8 Rxe8 26. Bc3 d4 27. Bd2 b5 28. b4 Qf5 29. Qf3 Qd7 30. Re1 Rxe1+ 31. Bxe1 Qe6 32. Qe4 Qxe4 33. dxe4 Kg8 34. e5 Kf7 35. Kf2 Ne7 36. g4 g5 37. f5 Nc6 38. e6+ Kf6 39. Kf3 Ne5+ 40. Kg3 Nc4 41. Bf2 Nxa3 42. Bxd4+ Ke7 43. h4 Nxc2 44. hxg5 hxg5 45. Kf3 Nxd4+ {White resigns} 0-1

[Event "FICS rated blitz game"]
[Site "FICS freechess.org"]
[FICSGamesDBGameNo "20001143"]
[White "valmont"]
[Black "AfroLich"]
[WhiteElo "1475"]
[BlackElo "1561"]
[WhiteRD "na"]
[BlackRD "na"]
[TimeControl "360+13"]
[Date "1999.07.02"]
[Time "14:39:00"]
[WhiteClock "0:06:00.000"]
[BlackClock "0:06:00.000"]
[ECO "B51"]
[PlyCount "64"]
[Result "0-1"]

1. e4 c5 2. Nf3 Nc6 3. Bb5 d6 4. O-O Nf6 5. Nc3 Bd7 6. Bc4 e6 7. d4 cxd4 8. Nxd4 a6 9. Bb3 Be7 10. h3 O-O 11. Be3 Qc7 12. f4 b5 13. Qf3 Nxd4 14. Bxd4 Bc6 15. a3 a5 16. Rae1 Qb7 17. Bxf6 Bxf6 18. Qg4 Bxc3 19. bxc3 Bxe4 20. Bxe6 Bxc2 21. Bf5 Bxf5 22. Qxf5 Rfe8 23. Rb1 Re2 24. Qg4 Rae8 25. c4 Qa7+ 26. Kh1 bxc4 27. f5 R2e4 28. Qg3 f6 29. Qxd6 c3 30. Qd5+ Qf7 31. Qxa5 c2 32. Rbc1 Qc4 {White forfeits on time} 0-1

[Event "FICS rated blitz game"]
[Site "FICS freechess.org"]
[FICSGamesDBGameNo "20001142"]
[White "nonsequitur"]
[Black "nymphea"]
[WhiteElo "1167"]
[BlackElo "1223"]
[WhiteRD "na"]
[BlackRD "na"]
[TimeControl "120+12"]
[Date "1999.07.02"]
[Time "08:35:00"]
[WhiteClock "0:02:00.000"]
[BlackClock "0:02:00.000"]
[ECO "C42"]
[PlyCount "99"]
[Result "1-0"]

1. e4 e5 2. Nf3 Nf6 3. Qe2 d6 4. h4 Bg4 5. Nc3 Bxf3 6. Qxf3 Nc6 7. Bb5 Be7 8. Bxc6+ bxc6 9. d3 O-O 10. Be3 c5 11. Bg5 c6 12. Bxf6 Bxf6 13. g3 Rb8 14. b3 d5 15. exd5 cxd5 16. Nxd5 e4 17. Nxf6+ Qxf6 18. Qxf6 gxf6 19. dxe4 Rfe8 20. f3 f5 21. O-O-O fxe4 22. fxe4 Rxe4 23. Rd7 a5 24. a4 Rg4 25. Rd5 Rc8 26. Rg5+ Rxg5 27. hxg5 c4 28. bxc4 Rxc4 29. Rh4 Rxh4 30. gxh4 Kg7 31. c4 h6 32. c5 hxg5 33. hxg5 Kf8 34. Kc2 Ke8 35. Kc3 Kd7 36. Kc4 Kc6 37. Kd4 Kd7 38. Kd5 Kc7 39. Ke5 Kc6 40. Kf6 Kxc5 41. Kxf7 Kb4 42. g6 Kxa4 43. g7 Kb4 44. g8=Q a4 45. Qb8+ Ka3 46. Ke6 Ka2 47. Kd5 a3 48. Kc4 Ka1 49. Kc3 a2 50. Qb2# {Black checkmated} 1-0

[Event "FICS rated blitz game"]
[Site "FICS freechess.org"]
[FICSGamesDBGameNo "20001140"]
[White "friedl"]
[Black "vlk"]
[WhiteElo "1485"]
[BlackElo "1146"]
[WhiteRD "na"]
[BlackRD "na"]
[TimeControl "240+0"]
[Date "1999.07.02"]
[Time "06:13:00"]
[WhiteClock "0:04:00.000"]
[BlackClock "0:04:00.000"]
[ECO "A48"]
[PlyCount "31"]
[Result "1-0"]

1. d4 Nf6 2. Nf3 g6 3. e3 Bg7 4. Bd3 O-O 5. O-O d6 6. c4 Nbd7 7. Nc3 e5 8. dxe5 Nxe5 9. Nxe5 dxe5 10. b3 c6 11. Bb2 Qe7 12. Qe2 Rd8 13. Rad1 Be6 14. Ne4 Nxe4 15. Bxe4 f5 16. Bc2 {Black forfeits on time} 1-0

[Event "FICS rated lightning game"]
[Site "FICS freechess.org"]
[FICSGamesDBGameNo "20001139"]
[White "vbr"]
[Black "drutten"]
[WhiteElo "1915"]
[BlackElo "2091"]
[WhiteRD "na"]
[BlackRD "na"]
[TimeControl "60+0"]
[Date "1999.07.02"]
[Time "03:54:00"]
[WhiteClock "0:01:00.000"]
[BlackClock "0:01:00.000"]
[ECO "C00"]
[PlyCount "82"]
[Result "0-1"]

1. e4 e6 2. d4 c5 3. d5 exd5 4. exd5 d6 5. Nf3 g6 6. Bd3 Bg7 7. O-O Ne7 8. Re1 O-O 9. c3 Qc7 10. Bg5 Nxd5 11. Nbd2 Nf6 12. Nc4 Nc6 13. Bf4 Ne8 14. Ng5 h6 15. Ne4 Ne5 16. Nexd6 Nxd6 17. Nxe5 Bxe5 18. Bxe5 Qd7 19. Qd2 Kh7 20. Qf4 Nf5 21. Rad1 g5 22. Qf3 Kg6 23. g4 Qc6 24. gxf5+ Kh7 25. f6+ Kg8 26. Qh5 Qf3 27. Qxh6 Qg4+ 28. Kh1 Qf3+ 29. Kg1 Qg4+ 30. Kf1 Qh3+ 31. Qxh3 Bxh3+ 32. Kg1 Rad8 33. Re3 Bf5 34. Rg3 Bxd3 35. Rxg5+ Kh8 36. Rh5+ Bh7 37. Re1 Rd2 38. Re3 Rg8+ 39. Bg3 Rxb2 40. Ree5 Rxa2 41. Rxh7+ Kxh7 {White forfeits on time} 0-1

[Event "FICS rated blitz game"]
[Site "FICS freechess.org"]
[FICSGamesDBGameNo "20001138"]
[White "Culture"]
[Black "SergeZ"]
[WhiteElo "1830"]
[BlackElo "1704"]
[WhiteRD "na"]
[BlackRD "na"]
[TimeControl "180+0"]
[Date "1999.07.02"]
[Time "03:40:00"]
[WhiteClock "0:03:00.000"]
[BlackClock "0:03:00.000"]
[ECO "A39"]
[PlyCount "65"]
[Result "1-0"]

1. Nf3 c5 2. c4 Nf6 3. Nc3 g6 4. g3 Bg7 5. Bg2 O-O 6. O-O Nc6 7. d4 cxd4 8. Nxd4 Nxd4 9. Qxd4 d6 10. Qd3 a6 11. Rd1 Qc7 12. b3 Bd7 13. e4 Bc6 14. Be3 Rac8 15. Rac1 Rfd8 16. h3 Nd7 17. Qe2 Qa5 18. Bd2 Qc7 19. Kh2 e6 20. Bg5 Bf6 21. Bxf6 Nxf6 22. Qe3 Qe7 23. Qg5 Nd5 24. Qxe7 Nxe7 25. Rd2 b5 26. cxb5 Bxb5 27. a4 Bc6 28. Rcd1 d5 29. exd5 exd5 30. Ne2 Rb8 31. Nd4 Rb4 32. Re1 Rd7 33. Rxe7 {Black resigns} 1-0

[Event "FICS rated blitz game"]
[Site "FICS freechess.org"]
[FICSGamesDBGameNo "20001137"]
[White "kisa"]
[Black "akhalil"]
[WhiteElo "1590"]
[BlackElo "1628"]
[WhiteRD "na"]
[BlackRD "na"]
[TimeControl "120+12"]
[Date "1999.07.02"]
[Time "01:58:00"]
[WhiteClock "0:02:00.000"]
[BlackClock "0:02:00.000"]
[ECO "B50"]
[PlyCount "132"]
[Result "0-1"]

1. e4 c5 2. Nf3 d6 3. h3 Nf6 4. Nc3 a6 5. a3 b5 6. d3 Bb7 7. Bg5 Nbd7 8. Be2 h6 9. Be3 e6 10. Qd2 Be7 11. b4 Rc8 12. Rc1 cxb4 13. axb4 d5 14. e5 Nh7 15. Na2 Ng5 16. Nxg5 Bxg5 17. Bxg5 hxg5 18. d4 Qb6 19. O-O f6 20. f4 gxf4 21. Qxf4 Nxe5 22. Kh1 Nc4 23. Bd3 Rh6 24. Rce1 Kf7 25. Qg4 Qd6 26. Rxe6 Qxe6 27. Qxe6+ Kxe6 28. Bf5+ Kd6 29. Re1 Rc6 30. Re6+ Kc7 31. Re7+ Kb6 32. Nc3 Rc7 33. Re6+ Ka7 34. Kh2 Bc8 35. Nxd5 Bxe6 36. Bxe6 Rc6 37. Bf5 Nd6 38. Bd3 Rh8 39. Ne7 Rc3 40. Ng6 Re8 41. Nf4 Re3 42. Bg6 Rg3 43. Bd3 g5 44. Kxg3 gxf4+ 45. Kxf4 f5 46. h4 Rc8 47. Ke5 Ne4 48. Kxf5 Nd6+ 49. Ke5 Nf7+ 50. Kf6 Nh6 51. Kg6 Ng4 52. Bf5 Rc6+ 53. Kh5 Ne3 54. Be4 Rc4 55. g4 Rxd4 56. Bf5 Rxb4 57. Kg6 Nxg4 58. h5 Ne3 59. Be6 Re4 60. Bb3 a5 61. h6 a4 62. Bf7 Rh4 63. Kg5 Rxh6 64. Kxh6 Nxc2 65. Kg5 b4 66. Kf4 b3 {White resigns} 0-1

[Event "FICS rated blitz game"]
[Site "FICS freechess.org"]
[FICSGamesDBGameNo "20001136"]
[White "DerTeufel"]
[Black "Anupam"]
[WhiteElo "1350"]
[BlackElo "1448"]
[WhiteRD "na"]
[BlackRD "na"]
[TimeControl "300+0"]
[Date "1999.07.02"]
[Time "01:19:00"]
[WhiteClock "0:05:00.000"]
[BlackClock "0:05:00.000"]
[ECO "C50"]
[PlyCount "57"]
[Result "1-0"]

1. e4 e5 2. Nf3 Nc6 3. Bc4 Nd4 4. d3 Nxf3+ 5. Qxf3 Qf6 6. Qe2 Bd6 7. O-O Ne7 8. Nc3 O-O 9. g3 Nc6 10. Nd5 Qg6 11. f4 exf4 12. Bxf4 Bxf4 13. Rxf4 Nd4 14. Qf2 c5 15. Ne7+ Kh8 16. Nxg6+ hxg6 17. Rh4+ Kg8 18. c3 Ne6 19. Bxe6 fxe6 20. Qd2 Kf7 21. Rf4+ Ke7 22. Rxf8 Kxf8 23. Rf1+ Kg8 24. Qg5 Kh7 25. Qd8 d5 26. Rf4 g5 27. Qxg5 Bd7 28. Rf7 Rg8 29. Rxd7 {Black resigns} 1-0

[Event "FICS rated blitz game"]
[Site "FICS freechess.org"]
[FICSGamesDBGameNo "20001135"]
[White "feld"]
[Black "chirochess"]
[WhiteElo "1291"]
[BlackElo "1444"]
[WhiteRD "na"]
[BlackRD "na"]
[TimeControl "360+0"]
[Date "1999.07.01"]
[Time "19:58:00"]
[WhiteClock "0:06:00.000"]
[BlackClock "0:06:00.000"]
[ECO "B30"]
[PlyCount "70"]
[Result "0-1"]

1. e4 c5 2. Nf3 Nc6 3. Bc4 e6 4. d3 Nge7 5. Nc3 d5 6. exd5 exd5 7. Bb5 d4 8. Ne4 Qa5+ 9. Nc3 dxc3 10. Bxc6+ bxc6 11. b3 g6 12. Ne5 Bg7 13. Qe2 O-O 14. Nc4 Qd8 15. Be3 Qd5 16. O-O-O Re8 17. Qf3 Qxf3 18. gxf3 Nd5 19. Bxc5 Bf5 20. Nd6 Re5 21. d4 Re2 22. Nxf5 gxf5 23. Rhg1 Kh8 24. Rgf1 Bh6+ 25. Kb1 Rd2 26. Bd6 Re8 27. Be5+ f6 28. Bg3 f4 29. Bh4 Ree2 30. Rfe1 Rxc2 31. Rxe2 Rxe2 32. Rc1 Rb2+ 33. Ka1 Re2 34. Bxf6+ Nxf6 35. Rxc3 Bf8 {White forfeits on time} 0-1

[Event "FICS rated blitz game"]
[Site "FICS freechess.org"]
[FICSGamesDBGameNo "20001134"]
[White "Shakes"]
[Black "hemphandle"]
[WhiteElo "1340"]
[BlackElo "1501"]
[WhiteRD "na"]
[BlackRD "na"]
[TimeControl "180+0"]
[Date "1999.07.01"]
[Time "18:01:00"]
[WhiteClock "0:03:00.000"]
[BlackClock "0:03:00.000"]
[ECO "B12"]
[PlyCount "105"]
[Result "1-0"]

1. e4 c6 2. d4 d5 3. e5 Bf5 4. Bf4 e6 5. Nc3 Nd7 6. Nf3 c5 7. Bd3 Bxd3 8. cxd3 cxd4 9. Nxd4 Bb4 10. Nc2 Bxc3+ 11. bxc3 b6 12. d4 Ne7 13. O-O Ng6 14. Be3 O-O 15. Nb4 Rc8 16. Rc1 Rc7 17. Nd3 Qe7 18. Nf4 Nxf4 19. Bxf4 Rfc8 20. Qg4 Rxc3 21. Rxc3 Rxc3 22. Bh6 g6 23. Bg5 Qf8 24. h4 Rc4 25. Be3 Nxe5 26. Qg5 Nc6 27. h5 Nxd4 28. hxg6 fxg6 29. Bxd4 Rxd4 30. Qe5 Re4 31. Qc7 Qf7 32. Qb8+ Kg7 33. f3 Re3 34. Kf2 Ra3 35. Qe5+ Qf6 36. Qc7+ Kh6 37. Qc1+ Kg7 38. Qxa3 d4 39. Qxa7+ Qf7 40. Qxf7+ Kxf7 41. Rd1 Kf6 42. Rxd4 e5 43. Rd6+ Kf5 44. Rxb6 g5 45. a4 e4 46. a5 e3+ 47. Kxe3 Ke5 48. a6 Kd5 49. a7 Kc5 50. Rh6 g4 51. a8=Q gxf3 52. gxf3 Kc4 53. Qa5 {Black forfeits on time} 1-0

[Event "FICS rated blitz game"]
[Site "FICS freechess.org"]
[FICSGamesDBGameNo "20001133"]
[White "fencer"]
[Black "fuddler"]
[WhiteElo "1177"]
[BlackElo "1756"]
[WhiteRD "na"]
[BlackRD "na"]
[TimeControl "300+0"]
[Date "1999.07.01"]
[Time "12:04:00"]
[WhiteClock "0:05:00.000"]
[BlackClock "0:05:00.000"]
[ECO "A00"]
[PlyCount "88"]
[Result "0-1"]

1. e3 e5 2. Nc3 d5 3. e4 d4 4. Nce2 c5 5. Ng3 Bd6 6. Qf3 Qf6 7. Bb5+ Nc6 8. Bc4 a6 9. Nh5 Qf4 10. Nxf4 exf4 11. Nh3 h5 12. Nxf4 Bg4 13. Qg3 g5 14. d3 gxf4 15. Bxf4 Bxf4 16. Qxf4 Nge7 17. Qxf7+ Kd7 18. O-O Raf8 19. Qg7 Rhg8 20. Qh7 Bh3 21. Bxg8 Rxg8 22. Rfe1 Rxg2+ 23. Kh1 Rxf2 24. Qxh5 Be6 25. Rf1 Rxc2 26. Rac1 Rxb2 27. Rxc5 Rxa2 28. Rf7 Ra1+ 29. Kg2 Ra2+ 30. Kg3 Rd2 31. Rf3 a5 32. Qh7 a4 33. Rc1 a3 34. h4 a2 35. Ra1 Rb2 36. Rff1 Nb4 37. Rfc1 Rb3 38. e5 Rxd3+ 39. Kf2 Nc6 40. Ke2 Re3+ 41. Kd2 Bf5 42. Qh6 Nxe5 43. Rxa2 Nf3+ 44. Kd1 Re1# {White checkmated} 0-1

[Event "FICS rated blitz game"]
[Site "FICS freechess.org"]
[FICSGamesDBGameNo "20001132"]
[White "amontes"]
[Black "swhite"]
[WhiteElo "1591"]
[BlackElo "1414"]
[WhiteRD "na"]
[BlackRD "na"]
[TimeControl "180+0"]
[Date "1999.07.01"]
[Time "11:50:00"]
[WhiteClock "0:03:00.000"]
[BlackClock "0:03:00.000"]
[ECO "C01"]
[PlyCount "109"]
[Result "1-0"]

1. e4 e6 2. d4 d5 3. exd5 exd5 4. c4 Nf6 5. Nf3 Be6 6. Nc3 Bd6 7. cxd5 Nxd5 8. Nxd5 Bxd5 9. Bd3 O-O 10. O-O Qf6 11. Re1 Bxf3 12. Qxf3 Qxf3 13. gxf3 Nc6 14. Be3 Rad8 15. Rad1 Rfe8 16. a3 Ne7 17. Bb5 c6 18. Bc4 Nd5 19. Bxd5 cxd5 20. Kf1 Bxh2 21. f4 Re4 22. Kg2 Bxf4 23. Bxf4 Rxf4 24. Re7 Rg4+ 25. Kf3 Rg6 26. Rxb7 Rf6+ 27. Kg2 a6 28. b4 Rc8 29. Rd7 Rf5 30. Rd2 h6 31. a4 Rc4 32. Ra7 Rxb4 33. Rxa6 Rb3 34. a5 Rb5 35. Ra7 Rg5+ 36. Kf3 Rf5+ 37. Kg4 Rf6 38. a6 Ra5 39. Ra8+ Kh7 40. a7 Rfa6 41. Re2 Rxa7 42. Rd8 Rc7 43. Re5 Rc4 44. Rexd5 Rxd5 45. Rxd5 Kg6 46. Kf4 Rc2 47. f3 Rf2 48. Ke3 Rf1 49. Rd6+ f6 50. d5 Kf5 51. Rd8 Ke5 52. Rd7 Rd1 53. Rxg7 Rxd5 54. Re7+ Kd6 55. Rh7 {Black forfeits on time} 1-0

[Event "FICS rated blitz game"]
[Site "FICS freechess.org"]
[FICSGamesDBGameNo "20001131"]
[White "yoost"]
[Black "jurjenolav"]
[WhiteElo "1545"]
[BlackElo "1258"]
[WhiteRD "na"]
[BlackRD "na"]
[TimeControl "240+0"]
[Date "1999.07.01"]
[Time "11:42:00"]
[WhiteClock "0:04:00.000"]
[BlackClock "0:04:00.000"]
[ECO "C40"]
[PlyCount "97"]
[Result "0-1"]

1. e4 e5 2. Nf3 Bd6 3. Bb5 c6 4. Ba4 b5 5. Bb3 Bb7 6. c3 c5 7. Bc2 c4 8. O-O Nf6 9. Re1 Bc5 10. d4 cxd3 11. Bxd3 Ng4 12. Be3 Bxe3 13. fxe3 a6 14. h3 Nf6 15. Nxe5 Nxe4 16. Qf3 Nd6 17. Nxf7 Bxf3 18. Nxd8 O-O 19. gxf3 Rxd8 20. Kf2 Nc6 21. Rd1 Ne5 22. Bxh7+ Kxh7 23. Rxd6 Nc4 24. Rd4 Nxb2 25. Nd2 Rac8 26. Rb1 Nc4 27. Nxc4 Rxc4 28. Rxc4 bxc4 29. Rb6 a5 30. Ra6 Rb8 31. Rxa5 Rb2+ 32. Kg3 Rc2 33. Ra3 d5 34. f4 Kg6 35. Kf3 Kh5 36. Ra5 Rd2 37. a4 Kh4 38. e4 Rd3+ 39. Ke2 dxe4 40. Rc5 Rxc3 41. a5 Kxh3 42. a6 Ra3 43. Rxc4 Rxa6 44. Rxe4 Ra2+ 45. Kf3 Ra3+ 46. Ke2 Ra2+ 47. Ke3 g6 48. Kd4 Ra4+ 49. Kd5 {White forfeits on time} 0-1

[Event "FICS rated blitz game"]
[Site "FICS freechess.org"]
[FICSGamesDBGameNo "20001130"]
[White "Frco"]
[Black "Rhand"]
[WhiteElo "1471"]
[BlackElo "1652"]
[WhiteRD "na"]
[BlackRD "na"]
[TimeControl "120+12"]
[Date "1999.07.01"]
[Time "11:42:00"]
[WhiteClock "0:02:00.000"]
[BlackClock "0:02:00.000"]
[ECO "A43"]
[PlyCount "61"]
[Result "1-0"]

1. d4 c5 2. Nf3 cxd4 3. Nxd4 Nc6 4. e4 Nxd4 5. Qxd4 d6 6. Nc3 Nf6 7. Bg5 e5 8. Qd2 Be7 9. Bb5+ Bd7 10. Bxd7+ Qxd7 11. O-O-O Rd8 12. Bxf6 Bxf6 13. Nd5 Be7 14. Kb1 O-O 15. f3 f5 16. h4 fxe4 17. fxe4 Rf7 18. Qd3 Rf2 19. Qb3 Kh8 20. g4 Rc8 21. Ne3 Qd8 22. g5 Qc7 23. Rhf1 Rcf8 24. Nf5 Rxf1 25. Rxf1 g6 26. Ne3 Rxf1+ 27. Nxf1 Qd7 28. Qf3 Qb5 29. Ne3 Qb4 30. a3 Qd2 31. Nd5 {Black resigns} 1-0

[Event "FICS rated blitz game"]
[Site "FICS freechess.org"]
[FICSGamesDBGameNo "20001129"]
[White "Nemva"]
[Black "KCJones"]
[WhiteElo "1082"]
[BlackElo "1226"]
[WhiteRD "na"]
[BlackRD "na"]
[TimeControl "120+12"]
[Date "1999.07.01"]
[Time "09:14:00"]
[WhiteClock "0:02:00.000"]
[BlackClock "0:02:00.000"]
[ECO "C50"]
[PlyCount "81"]
[Result "1-0"]

1. e4 e5 2. Nf3 Nc6 3. Bc4 h6 4. Nc3 Nf6 5. d3 Bc5 6. O-O d6 7. Bb3 Bg4 8. h3 Bxf3 9. Qxf3 O-O 10. Re1 Nd4 11. Qd1 Bb4 12. Be3 c5 13. a3 Bxc3 14. bxc3 Nxb3 15. cxb3 b5 16. b4 Qc7 17. c4 bxc4 18. b5 cxd3 19. Qxd3 Rfd8 20. Qc3 Rab8 21. a4 Nxe4 22. Qc1 f5 23. a5 f4 24. Bd2 Nf6 25. Qb2 Nd7 26. b6 axb6 27. a6 Ra8 28. a7 Rxa7 29. Rxa7 Qxa7 30. Qb3+ Kh8 31. g4 Qb7 32. h4 Nf6 33. g5 hxg5 34. hxg5 Nh5 35. f3 Ng3 36. Kf2 b5 37. Ba5 Ra8 38. Bd2 b4 39. g6 Qe7 40. Bxf4 Nh1+ 41. Rxh1+ {Black resigns} 1-0

[Event "FICS rated blitz game"]
[Site "FICS freechess.org"]
[FICSGamesDBGameNo "20001128"]
[White "Byron"]
[Black "roylev"]
[WhiteElo "1402"]
[BlackElo "1471"]
[WhiteRD "na"]
[BlackRD "na"]
[TimeControl "300+0"]
[Date "1999.07.01"]
[Time "03:14:00"]
[WhiteClock "0:05:00.000"]
[BlackClock "0:05:00.000"]
[ECO "D02"]
[PlyCount "95"]
[Result "1-0"]

1. d4 d5 2. Nf3 c6 3. Bg5 Nf6 4. Nbd2 h6 5. Bh4 Qb6 6. Rb1 Nbd7 7. e3 e6 8. Bd3 c5 9. c3 Be7 10. O-O O-O 11. Ne5 c4 12. Be2 Nxe5 13. dxe5 Ne4 14. Bxe7 Nxd2 15. Qxd2 Re8 16. Bd6 f6 17. Bh5 Rd8 18. Qd4 fxe5 19. Bxe5 Rd7 20. Qxb6 axb6 21. a3 b5 22. Bf3 b6 23. Rfe1 Rf7 24. e4 Bb7 25. Re3 Re8 26. Bd4 e5 27. Bxb6 Rf6 28. Ba5 d4 29. cxd4 exd4 30. Ree1 d3 31. b3 Rfe6 32. bxc4 Bxe4 33. Bxe4 Rxe4 34. Rxe4 Rxe4 35. cxb5 Re2 36. b6 d2 37. Bxd2 Rxd2 38. b7 Ra2 39. b8=Q+ Kh7 40. Re1 Rxa3 41. g3 Rf3 42. Re3 Rf6 43. Qe5 Rb6 44. f4 Rb1+ 45. Kg2 Rd1 46. Qf5+ g6 47. Re7+ Kg8 48. Re8+ {Black forfeits on time} 1-0

[Event "FICS rated standard game"]
[Site "FICS freechess.org"]
[FICSGamesDBGameNo "20001126"]
[White "crd"]
[Black "Roederer"]
[WhiteElo "1179"]
[BlackElo "1230"]
[WhiteRD "na"]
[BlackRD "na"]
[TimeControl "1800+30"]
[Date "1999.06.30"]
[Time "17:37:00"]
[WhiteClock "0:30:00.000"]
[BlackClock "0:30:00.000"]
[ECO "C23"]
[PlyCount "80"]
[Result "0-1"]

1. e4 e5 2. Bc4 Qh4 3. Nf3 Qxe4+ 4. Be2 Qg4 5. O-O d6 6. d4 Nd7 7. dxe5 dxe5 8. Bg5 h6 9. Nxe5 Qxg5 10. Nf3 Qf6 11. Bc4 Qxb2 12. Re1+ Be7 13. Nbd2 Qf6 14. Ne4 Qc6 15. Bb3 Bb4 16. c3 Bxc3 17. Rc1 Ne7 18. Rxc3 Qb6 19. Ba4 c6 20. Nd4 O-O 21. Rg3 c5 22. Nb5 Nf5 23. Rg4 a6 24. Nbc3 Ne5 25. Nd5 Qd8 26. Rf4 b5 27. Bc2 Bb7 28. Bb3 Bxd5 29. Bxd5 Rc8 30. Rxf5 Qd7 31. Rxe5 Rce8 32. Nxc5 Qd6 33. Nb7 Qd7 34. a3 Kh7 35. Nc5 Qa7 36. Be4+ g6 37. Nd7 Rxe5 38. Nxf8+ Kg8 39. Qd8 Kg7 40. Bd5 Rxe1# {White checkmated} 0-1

[Event "FICS rated blitz game"]
[Site "FICS freechess.org"]
[FICSGamesDBGameNo "20001124"]
[White "kaiposs"]
[Black "Bobeskillz"]
[WhiteElo "1317"]
[BlackElo "1370"]
[WhiteRD "na"]
[BlackRD "na"]
[TimeControl "240+10"]
[Date "1999.06.30"]
[Time "15:27:00"]
[WhiteClock "0:04:00.000"]
[BlackClock "0:04:00.000"]
[ECO "D80"]
[PlyCount "99"]
[Result "1/2-1/2"]

1. d4 Nf6 2. c4 g6 3. Nc3 d5 4. f3 Bf5 5. e3 Nc6 6. Bd3 Qd7 7. a3 e5 8. Nge2 e4 9. fxe4 Bxe4 10. Bxe4 dxe4 11. Ng3 Qe7 12. O-O Bg7 13. b3 O-O 14. Qc2 Rfe8 15. Bb2 Ng4 16. Qe2 f5 17. h3 Nf6 18. Nxf5 gxf5 19. Rxf5 Rad8 20. Raf1 Nb8 21. d5 Nbd7 22. Nb5 c6 23. Nxa7 cxd5 24. cxd5 Rf8 25. Qc4 Kh8 26. Nb5 Nb6 27. Qd4 Nfxd5 28. Rxf8+ Rxf8 29. Rxf8+ Qxf8 30. Qxg7+ Qxg7 31. Bxg7+ Kxg7 32. Nd6 Nxe3 33. Nxb7 Nc2 34. a4 Nd5 35. Nc5 e3 36. Kf1 Nc3 37. Nd3 Nd4 38. a5 Nxb3 39. a6 Nd2+ 40. Kg1 Nb5 41. g4 Kf6 42. Nb2 Ke5 43. Kg2 Ke4 44. h4 Nb3 45. g5 Nc5 46. h5 Kf5 47. g6 hxg6 48. hxg6 Kxg6 49. Kf3 Nxa6 50. Kxe3 {Game drawn by mutual agreement} 1/2-1/2

[Event "FICS rated blitz game"]
[Site "FICS freechess.org"]
[FICSGamesDBGameNo "20001123"]
[White "sosmogyoro"]
[Black "Tadeo"]
[WhiteElo "1119"]
[BlackElo "1267"]
[WhiteRD "na"]
[BlackRD "na"]
[TimeControl "180+2"]
[Date "1999.06.30"]
[Time "15:06:00"]
[WhiteClock "0:03:00.000"]
[BlackClock "0:03:00.000"]
[ECO "C34"]
[PlyCount "54"]
[Result "0-1"]

1. e4 e5 2. f4 exf4 3. Nf3 d6 4. d4 Nf6 5. Nc3 Nc6 6. Bc4 b6 7. O-O Be7 8. Ng5 O-O 9. Rxf4 Bb7 10. Rh4 h6 11. Nxf7 Rxf7 12. Bxf7+ Kxf7 13. e5 dxe5 14. Bxh6 gxh6 15. dxe5 Qxd1+ 16. Rxd1 Nxe5 17. Rxh6 Neg4 18. Rxf6+ Bxf6 19. Ne4 Bxe4 20. Rd8 Rxd8 21. Kf1 Ne3+ 22. Ke2 Nxc2 23. Kf2 Bd4+ 24. Kg3 Rf8 25. Kf4 Bxg2 26. Kg5 Bf6+ 27. Kh6 Rh8# {White checkmated} 0-1

[Event "FICS rated blitz game"]
[Site "FICS freechess.org"]
[FICSGamesDBGameNo "20001122"]
[White "madmartian"]
[Black "lpr"]
[WhiteElo "1427"]
[BlackElo "1590"]
[WhiteRD "na"]
[BlackRD "na"]
[TimeControl "300+0"]
[Date "1999.06.30"]
[Time "14:48:00"]
[WhiteClock "0:05:00.000"]
[BlackClock "0:05:00.000"]
[ECO "B53"]
[PlyCount "72"]
[Result "0-1"]

1. e4 c5 2. Nf3 d6 3. d4 cxd4 4. Qxd4 Bd7 5. c4 Nc6 6. Qd2 Nf6 7. Nc3 g6 8. Be2 Bg7 9. O-O O-O 10. Re1 Qa5 11. a3 Qc7 12. h3 Rfd8 13. Qc2 a6 14. Bf4 Na5 15. Nd5 Nxd5 16. exd5 Rac8 17. b3 b5 18. Rac1 bxc4 19. bxc4 Bb5 20. c5 Qxc5 21. Qxc5 Rxc5 22. Bxb5 axb5 23. Rb1 Kf8 24. Rb2 Rxd5 25. Rbe2 e5 26. Bd2 Nc4 27. Bb4 Rd3 28. Ng5 h6 29. Ne4 f5 30. Nxd6 Nxd6 31. Rc2 Kg8 32. Rec1 Nc4 33. a4 Rd1+ 34. Rxd1 Rxd1+ 35. Kh2 e4 36. axb5 Be5+ {White forfeits on time} 0-1

[Event "FICS rated lightning game"]
[Site "FICS freechess.org"]
[FICSGamesDBGameNo "20001121"]
[White "snazzy"]
[Black "Eltoro"]
[WhiteElo "1560"]
[BlackElo "1551"]
[WhiteRD "na"]
[BlackRD "na"]
[TimeControl "120+0"]
[Date "1999.06.30"]
[Time "14:26:00"]
[WhiteClock "0:02:00.000"]
[BlackClock "0:02:00.000"]
[ECO "A43"]
[PlyCount "66"]
[Result "0-1"]

1. d4 c5 2. c4 cxd4 3. Qxd4 Nc6 4. Qd1 Nf6 5. Nc3 e6 6. Nf3 d5 7. e3 dxc4 8. Bxc4 Bb4 9. Bd2 O-O 10. O-O b6 11. Rc1 Bb7 12. a3 Be7 13. Qc2 Rc8 14. Rfd1 Na5 15. Ba2 Nd5 16. Nd4 Bf6 17. Nb3 Qe7 18. Nxa5 bxa5 19. Qb3 Nxc3 20. Bxc3 Bxc3 21. Rxc3 Rxc3 22. Qxc3 Rc8 23. Qxa5 Qh4 24. Qxa7 Qe4 25. f3 Qc6 26. Qd4 g6 27. b4 Qc2 28. Bxe6 fxe6 29. Qd7 Bd5 30. Rxd5 exd5 31. Qxd5+ Kf8 32. b5 Qc1+ 33. Kf2 Qc5 {White forfeits on time} 0-1